 Dungeon Crawl Stone Soup version 0.28.0-47-ge53b351184 (console) character file.

Game seed: 4410929596077974199

459 Cab the Chopper (level 6, 0/47 HPs)
             Began as a Demonspawn Fighter on May 4, 2022.
             Was an Initiate of Hepliaklqana.
             Slain by an orc wizard
             ... wielding a +0 dagger
              (2 damage)
             ... on level 4 of the Dungeon.
             The game lasted 00:07:45 (3175 turns).

Cab the Chopper (Demonspawn Fighter)                Turns: 3175, Time: 00:07:45

Health: 0/47       AC:  6    Str: 19    XL:     6   Next: 78%
Magic:  6/6        EV: 13    Int:  9    God:    Hepliaklqana [......]
Gold:   128        SH:  0    Dex: 12    Spells: 5/5 levels left

rFire   . . .      SeeInvis .   a - +0 war axe
rCold   . . .      Faith    .   c - +0 buckler
rNeg    . . .      Spirit   .   b - +0 scale mail
rPois   .          Reflect  .   (no helmet)
rElec   .          Harm     .   (no cloak)
rCorr   .          Rampage  .   (no gloves)
Will    .....                   (no boots)
Stlth   ..........              (no amulet)
HPRegen 0.15/turn               h - +4 ring of evasion
MPRegen 0.20/turn               (no ring)

@: confused
A: foul stench 1, magic regeneration, weakness stinger 1
a: Renounce Religion


You were on level 4 of the Dungeon.
You worshipped Hepliaklqana.
Hepliaklqana was noncommittal.
You visited 1 branch of the dungeon, and saw 4 of its levels.

You collected 150 gold pieces.
You spent 22 gold pieces at shops.

Inventory:

Hand Weapons
 a - a +0 war axe (weapon)
Missiles
 f - 7 poisoned darts (quivered)
Armour
 b - a +0 scale mail (worn)
 c - a +0 buckler (worn)
Jewellery
 h - a +4 ring of evasion (left hand)
Scrolls
 k - a scroll of teleportation
Potions
 d - 2 potions of flight {unknown}
 g - a potion of lignification {unknown}
 i - a potion of magic {unknown}
 j - a potion of berserk rage {unknown}


   Skills:
 - Level 3.0 Fighting
 + Level 6.7 Axes
 + Level 0.2 Throwing
 - Level 2.6 Armour
 - Level 2.6 Shields


You had 5 spell levels left.
You didn't know any spells.
Your spell library contained the following spells:

 Spells                   Type           Power      Damage    Failure   Level
 Sting                    Tmut/Pois      0%         1d3       86%         1
 Poisonous Vapours        Pois/Air       0%         N/A       94%         2
 Gell's Gravitas          Tloc           0%         N/A       99%         3
 Teleport Other           Tloc           0%         N/A       99%         3
 Animate Armour           Summ/Erth      0%         N/A       100%        4
 Olgreb's Toxic Radiance  Pois           0%         N/A       100%        4
 Blade Hands              Tmut           0%         N/A       100%        5
 Dispersal                Tloc           0%         N/A       100%        6
 Iron Shot                Conj/Erth      0%         9d1       100%        6


Dungeon Overview and Level Annotations

Branches:
Dungeon (4/15)
 Temple: D:4-7

Altars:
Gozag
Hepliaklqana
Nemelex Xobeh

Shops:
D:2 ?   D:3 !

Annotations:
D:3 1 runed translucent door, Crazy Yiuf


Innate Abilities, Weirdness & Mutations

You may rarely emit foul miasma when damaged in melee.
You regenerate magic rapidly.
You have a small tail.


Message History

You closely miss something. You hit something.
Something hits you but does no damage. Something hits you.
Something hits you but does no damage.
You barely miss something.
Your tail-slap misses something.
You barely miss something.
Something hits you but does no damage. x2
You miss something. x2; Something hits you but does no damage.
You hear some strange, mumbled words.
A magic dart appears from out of thin air!
The magic dart hits you!
You barely miss something. You hit something.
Something hits you but does no damage. x3
You slash something!
Reactivating autopickup.
You feel a bit more experienced.
You miss something. Something barely misses you. Something hits you.
Deactivating autopickup; reactivate with Ctrl-A.
Things that are here:
a +0 dagger; a +0 robe; an orc corpse You miss something.
Your tail-slap misses something.
Something hits you but does no damage.
You barely miss something.
You hear some strange, mumbled words.
A magic dart appears from out of thin air!
The magic dart hits you. You block something's attack.
You completely miss something.
You hear some strange, mumbled words.
You are confused.
Items here: %% ( ))).
Something hits you but does no damage. Something hits you.
* * * LOW HITPOINT WARNING * * *
You hear some strange, mumbled words.
You are more confused.
You hear some strange, mumbled words.
A magic dart appears from out of thin air!
The magic dart hits you!
* * * LOW HITPOINT WARNING * * *
You're too confused to move!
Something hits you.
You die...

▒∙∙∙∙∙∙∙∙∙∙∙∙
▒∙∙∙∙∙∙∙∙∙∙∙∙
▒∙∙∙∙∙∙∙∙∙∙∙∙
▒∙∙∙∙∙∙∙∙∙∙∙∙
▒∙∙∙∙∙∙∙∙∙∙∙∙
▒∙∙∙∙∙∙∙∙∙∙∙∙
▒∙∙∙∙∙∙∙▒
▒▒▒∙∙∙∙∙▒
▒▒∙∙){@▒▒▒
▒∙∙▒▒%▒▒
▒∙▒∙∙∙▒▒
▒∙∙∙∙∙∙▒ ▒▒▒
▒▒▒▒▒
▒▒▒∙∙▒∙▒▒


∙(∙∙ ∙∙∙∙▒ ▒∙∙∙∙∙∙▒∙∙∙∙∙ ∙∙∙∙▒▒▒▒▒▒▒▒▒∙∙∙∙∙∙∙▒∙∙∙ ∙∙∙∙∙∙∙∙∙∙∙∙∙∙∙∙∙∙∙∙∙∙∙∙
▒▒▒▒▒▒▒▒∙∙∙∙▒▒▒∙▒∙∙∙∙∙∙∙ There were no monsters in sight!

Vanquished Creatures
  Sigmund (D:2)
  Pargi (D:3)
  A hound (D:4)
  An orc priest (D:3)
  A centaur skeleton (D:4)
  An orc wizard (D:4)
  3 adders
  An ufetubus (D:4)
  A worm (D:2)
  2 dart slugs
  5 orcs
  6 endoplasms
  3 giant cockroaches
  5 goblins
  7 hobgoblins
  4 jackals (D:1)
  4 quokkas (D:1)
  5 ball pythons
  4 bats
  6 frilled lizards
  7 kobolds
  A rat (D:1)
70 creatures vanquished.

Vanquished Creatures (others)
  2 plants (D:1)
2 creatures vanquished.

Grand Total: 72 creatures vanquished

Notes
Turn   | Place    | Note
-------+----------+-------------------------------------------
     0 | D:1      | Cab the Demonspawn Fighter began the quest for the Orb.
     0 | D:1      | Reached XP level 1. HP: 18/18 MP: 1/1
    47 | D:1      | Reached skill level 2 in Axes
    95 | D:1      | Gained mutation: You may rarely emit foul miasma when
                  | damaged in melee. [demonic ancestry]
    95 | D:1      | Reached XP level 2. HP: 16/24 MP: 2/2
   349 | D:1      | Reached skill level 3 in Axes
   471 | D:1      | Found a faded altar of an unknown god.
   489 | D:1      | Reached XP level 3. HP: 28/29 MP: 3/3
  1043 | D:2      | Noticed Sigmund
  1071 | D:2      | Killed Sigmund
  1072 | D:2      | Reached skill level 5 in Axes
  1072 | D:2      | Reached XP level 4. HP: 23/35 MP: 4/4
  1072 | D:2      | Gained mutation: You have a small tail. [demonic ancestry]
  1072 | D:2      | Reached XP level 5. HP: 27/41 MP: 5/5
  1444 | D:2      | Found Kafrurot's Magic Scroll Shoppe.
  1456 | D:2      | Bought a scroll of identify for 22 gold pieces
  1940 | D:3      | Found an opulent altar of Gozag.
  1942 | D:3      | Found Fitucub's Distillery.
  2132 | D:3      | Found a sparkling altar of Nemelex Xobeh.
  2227 | D:3      | Found a hazy altar of Hepliaklqana.
  2270 | D:3      | Became a worshipper of Hepliaklqana the Forgotten
  2340 | D:3      | Gained mutation: You regenerate magic rapidly. [demonic
                  | ancestry]
  2340 | D:3      | Reached XP level 6. HP: 16/47 MP: 6/6
  2345 | D:3      | Noticed Pargi
  2360 | D:3      | Killed Pargi
  2361 | D:3      | Reached skill level 6 in Axes
  2756 | D:3      | Found a runed translucent door.
  2757 | D:3      | Noticed Crazy Yiuf
  3174 | D:4      | HP: 1/47 [something/magic dart (8)]
  3175 | D:4      | Slain by an orc wizard

Illustrated notes

Levels and vault maps discovered:
D:1:      psy_arrival_terrarium, layout_rooms,
          hellmonk_ecumenical_altar_arch_garden, serial_bayou_lagoon_b
D:2:      layout_basic, serial_shops, shop, uniq_sigmund
D:3:      layout_loops_ring, mainiacjoe_overflow_concentric_impassable,
          nemelex_xobeh_ov_fountains_minmay,
          nicolae_gozag_cash_rules_everything_around_me, serial_shops,
          nicolae_shop_advertising_works [nicolae_subvault_shop_adworks],
          nicolae_elevator_lobby_asterisk, uniq_crazy_yiuf_cottage, uniq_pargi
D:4:      layout_rooms

Skill      XL: |  1  2  3  4  5  6 |
---------------+-------------------+-----
Axes           | 2 3 5 6 |  6.7
Fighting       | |  3.0
Throwing       | |  0.2
Armour         | |  2.6
Shields        | |  2.6

Action                   |  1- 3 |  4- 6 || total
-------------------------+-------+-------++-------
Melee: War axe           |    90 |   105 ||   195
       Tailslap          |       |    10 ||    10
Throw: Dart              |       |     4 ||     4
  Use: Potion            |     1 |     4 ||     5
       Scroll            |       |     2 ||     2
Armor: Scale mail        |    64 |    61 ||   125
Dodge: Dodged            |    57 |    71 ||   128
Block: Buckler           |    33 |    31 ||    64
